 Dungeon Crawl Stone Soup version 0.30.1-3-gfc49f6343a (webtiles) character file.

Game seed: 11796312003506940508

712 Peloso the Covered (level 7, -1/61 HPs)
             Began as a Minotaur Fighter on Aug 9, 2023.
             Slain by Pikel
             ... wielding a +2 whip of freezing
              (5 damage)
             ... on level 5 of the Dungeon.
             The game lasted 00:09:51 (4481 turns).

Peloso the Covered (Minotaur Fighter)               Turns: 4481, Time: 00:09:51

Health: -1/61      AC:  7    Str: 21    XL:     7   Next: 41%
Magic:  6/6        EV: 10    Int:  5    God:
Gold:   273        SH:  5    Dex: 11    Spells: 6/6 levels left

rFire   . . .        a - +0 long sword
rCold   . . .        c - +0 buckler
rNeg    . . .        n - +0 scale mail
rPois   +            (helmet restricted)
rElec   .            (no cloak)
rCorr   .            (no gloves)
SInv    .            (no boots)
Will    .....        (no amulet) Stlth
                     m - ring of poison resistance
HPRegen 0.30/turn    (no ring)
MPRegen 0.10/turn

%: no passive effects
@: hasted, very quick
A: horns 2, retaliatory headbutt
a: no special abilities


You were on level 5 of the Dungeon.
You visited 1 branch of the dungeon, and saw 5 of its levels.
You also visited: Sewer.

You collected 273 gold pieces.

Inventory:

Hand Weapons
 a - a +0 long sword (weapon)
 b - a +1 spear of flaming
Armour
 c - a +0 buckler (worn)
 n - a +0 scale mail (worn)
Jewellery
 m - a ring of poison resistance (left hand)
 r - a +6 ring of intelligence
Wands
 i - a wand of quicksilver (19)
 j - a wand of charming (2)
 k - a wand of flame (15)
 u - a wand of iceblast (3)
Scrolls
 f - 3 scrolls of identify
 h - 2 scrolls of silence
 t - a scroll of teleportation
Potions
 d - 4 potions of might
 e - 2 potions of lignification {unknown}
 g - a potion of brilliance
 l - a potion of flight
 o - a potion of haste
 p - 2 potions of heal wounds {unknown}
 q - 2 potions of invisibility {unknown}
 s - a potion of berserk rage


   Skills:
 + Level 5.0 Fighting
 + Level 5.9 Long Blades
 + Level 6.5 Armour
 + Level 2.6 Dodging
 + Level 0.5 Stealth
 + Level 5.1 Shields


You had 6 spell levels left.
You didn't know any spells.
Your spell library contained the following spells:

 Spells                   Type           Power      Damage    Failure   Level
 Sublimation of Blood     Necr           0%         N/A       94%         2
 Dazzling Flash           Conj/Hex       0%         N/A       99%         3
 Volatile Blastmotes      Fire/Tloc      0%         2d10      99%         3
 Iskenderun's Mystic Bla  Conj/Tloc      0%         2d3       100%        4
 Petrify                  Tmut/Erth      0%         N/A       100%        4
 Alistair's Intoxication  Tmut/Pois      0%         N/A       100%        5
 Borgnjor's Vile Clutch   Necr/Erth      0%         N/A       100%        5
 Irradiate                Conj/Tmut      0%         3d11      100%        5
 Eringya's Noxious Bog    Tmut/Pois      0%         N/A       100%        6
 Starburst                Conj/Fire      0%         6d3       100%        6


Dungeon Overview and Level Annotations

Branches:
Dungeon (5/15)              Sewer (visited)
 Temple: D:4-7

Altars:
Cheibriados

Annotations:
D:2 Dig
D:5 Pikel


Innate Abilities, Weirdness & Mutations

You have a pair of horns on your head.
You reflexively headbutt those who attack you in melee.


Message History

You block Pikel's attack.
You hit Pikel.
Pikel is lightly wounded.
You block Pikel's attack.
You barely miss Pikel.
Pikel is lightly wounded.
Pikel hits you but does no damage.
You barely miss Pikel.
Pikel is lightly wounded.
Pikel closely misses you.
You hit Pikel but do no damage.
Pikel is lightly wounded.
Pikel hits you with a +2 whip of freezing.
Pikel freezes you. Pikel barely misses you.
You hit Pikel.
Pikel is moderately wounded.
Pikel hits you with a +2 whip of freezing.
Pikel freezes you.
You barely miss Pikel. You headbutt Pikel, but do no damage.
Pikel is moderately wounded.
Pikel hits you with a +2 whip of freezing.
Pikel freezes you.
* * * LOW HITPOINT WARNING * * *
You barely miss Pikel.
Pikel is moderately wounded.
Pikel hits you with a +2 whip of freezing.
* * * LOW HITPOINT WARNING * * *
Pikel freezes you.
* * * LOW HITPOINT WARNING * * *
You miss Pikel.
Pikel is moderately wounded.
Pikel hits you with a +2 whip of freezing.
* * * LOW HITPOINT WARNING * * *
Pikel freezes you.
* * * LOW HITPOINT WARNING * * *
A lemure comes into view.
You feel yourself speed up.
The lemure shouts!
Pikel hits you with a +2 whip of freezing.
You die...

..#... ##########...... #.
#......#......... ......
#..#.####.#..5...#.#
.[.....##.#.####†#........#
..............##.#..~~~...#
...##.#..#.#.##....~~~...#
..............#K#..~~~...#
#..#.......#..#@#..~~~...#
#.......#..#..#.#...⌠....#
#.####........#.##.....#.#
.#.............#.###..5...#..
....S##.#......#.....5.......
...#..#.#......########......
.#.#..#.#......# ......
.#.#..#.#...#.## .....
.#.##.#.#.†.#.# ....


You could see Pikel and a lemure.

Vanquished Creatures
  Pargi (Sewer)
  A black bear (D:4)
  3 lemures (D:5)
  3 hounds
  An iguana (D:5)
  An orc wizard (D:4)
  Natasha (thrice) (D:2)
  Robin (D:4)
  9 gnolls
  3 river rats (D:4)
  10 adders
  2 worms (D:4)
  A dart slug (D:1)
  4 orcs
  9 ball pythons
  8 bats
  4 endoplasms
  3 giant cockroaches
  14 goblins
  5 hobgoblins
  13 jackals
  2 quokkas
  A frilled lizard (D:1)
  3 kobolds
  6 rats
111 creatures vanquished.

Vanquished Creatures (others)
  An orc wizard (D:4)
1 creature vanquished.

Grand Total: 112 creatures vanquished

Notes
Turn   | Place    | Note
-------+----------+-------------------------------------------
     0 | D:1      | Peloso the Minotaur Fighter began the quest for the Orb.
     0 | D:1      | Reached XP level 1. HP: 19/19 MP: 0/0
   126 | D:1      | Found a faded altar of an unknown god.
   159 | D:1      | Reached XP level 2. HP: 27/27 MP: 1/1
   378 | D:1      | Reached skill level 4 in Armour
   382 | D:1      | Reached XP level 3. HP: 28/33 MP: 2/2
   742 | D:2      | Noticed Natasha
   758 | D:2      | Killed Natasha
   863 | D:2      | Reached XP level 4. HP: 40/40 MP: 3/3
   894 | D:2      | Noticed Natasha
   929 | D:2      | Killed Natasha
  1489 | D:2      | Noticed Natasha
  1493 | D:2      | Reached XP level 5. HP: 41/46 MP: 4/4
  1497 | D:2      | Killed Natasha
  2131 | D:3      | Reached skill level 1 in Dodging
  2177 | D:3      | Reached skill level 5 in Armour
  2377 | D:3      | Found a snail-covered altar of Cheibriados.
  2683 | D:4      | Found a glowing drain.
  2688 | Sewer    | Entered a sewer
  2728 | Sewer    | Noticed Pargi
  2745 | Sewer    | Killed Pargi
  2746 | Sewer    | Reached skill level 5 in Long Blades
  2746 | Sewer    | Reached XP level 6. HP: 20/53 MP: 5/5
  3250 | D:4      | Noticed Robin
  3419 | D:4      | Reached skill level 6 in Armour
  3504 | D:3      | Reached XP level 7. HP: 39/60 MP: 6/6
  3584 | D:4      | Killed Robin
  3605 | D:4      | Reached skill level 5 in Shields
  3906 | D:5      | Entered Level 5 of the Dungeon
  4244 | D:5      | Reached skill level 5 in Fighting
  4461 | D:5      | Noticed Pikel
  4481 | D:5      | Slain by Pikel

Illustrated notes

Levels and vault maps discovered:
D:1:      amcnicky_arrival_double_pillar, layout_basic,
          hellmonk_ecumenical_altar_lost_god
D:2:      layout_loops_ring, lightli_corner_chamber, uniq_natasha
D:3:      layout_basic, mainiacjoe_overflow_chevrons
D:4:      layout_cave_pools, lightli_sewer_entry_pipes,
          corexii_item_surrounded_by_moat, uniq_robin
D:5:      layout_basic, minmay_temple_entry_offerings, serial_park_tiny_pond,
          lemuel_flamethrower_1, uniq_pikel, uniq_prince_ribbit1

Skill      XL: |  1  2  3  4  5  6  7 |
---------------+----------------------+-----
Shields        | 4 5 |  5.1
Fighting       | 4 5 |  5.0
Armour         | 4 5 6 |  6.5
Long Blades    | 3 4 5 |  5.9
Dodging        | 1 2 |  2.6
Stealth        | |  0.5

Action                     |  1- 3 |  4- 6 |  7- 9 || total
---------------------------+-------+-------+-------++-------
  Melee: Long sword        |    67 |   176 |   110 ||   353
         Headbutt          |    12 |    27 |    21 ||    60
  Evoke: Wand              |       |       |     2 ||     2
    Use: Scroll            |       |     8 |       ||     8
         Potion            |       |       |     2 ||     2
 Armour: Scale mail        |    39 |   142 |    24 ||   205
  Dodge: Dodged            |    44 |   115 |    61 ||   220
  Block: Buckler           |    20 |    75 |    27 ||   122
